 Dungeon Crawl Stone Soup version 0.13.0-28-g1b50097 (webtiles) character file.

1856 Dkcaj the Jinx (level 8, 0/36 HPs)
             Began as a Spriggan Enchanter on Nov 3, 2013.
             Was an Initiate of Ashenzari.
             Slain by BoredOne's ghost (10 damage)
             ... on Level 6 of the Dungeon.
             The game lasted 00:23:45 (7500 turns).

Dkcaj the Jinx (Spriggan Enchanter)                 Turns: 7500, Time: 00:23:45

HP   0/36        AC  4     Str  6      XL: 8   Next: 60%
MP   8/21        EV 18     Int 16      God: Ashenzari [......]
Gold 280         SH  0     Dex 17      Spells:  6 memorised,  0 levels left

Res.Fire  : . . .   See Invis. : +   y - +2,+0 elf dagger (venom) (curse)
Res.Cold  : . . .   Warding    : .   z - +2 elf robe {MR+}
Life Prot.: . . .   Conserve   : .   (shield restricted)
Res.Poison: .       Res.Corr.  : .   (helmet restricted)
Res.Elec. : .       Clarity    : .   (no cloak)
Sust.Abil.: . .     Spirit.Shd : .   (gloves unavailable)
Res.Mut.  : .       Stasis     : .   (boots unavailable)
Res.Rott. : .       Flight     : .   (no amulet)
Saprovore : . . .                    (no ring)
                                     F - ring of wizardry

@: very quick, quite resistant to hostile enchantments, very stealthy
A: unfitting armour, see invisible, herbivore 3, speed 3, slow metabolism 2
a: Renounce Religion


You were on level 6 of the Dungeon.
You worshipped Ashenzari.
Ashenzari was noncommittal.
You were not hungry.

You visited 1 branch of the dungeon, and saw 6 of its levels.

You collected 260 gold pieces.

Inventory:

Hand weapons
 a - a +2,+1 dagger {=f}
 f - a +0,+0 sabre
 h - a +1 blowgun
 x - a +2,+0 elven short sword
 y - a cursed +2,+0 elven dagger of venom (weapon)
 E - a +2,+0 sabre of venom
Missiles
 d - 48 darts
 n - 24 poisoned needles
 s - 7 darts of frost (quivered)
Armour
 b - a +1 robe
 z - a +2 elven robe of magic resistance (worn)
Magical devices
 w - a wand of frost (0)
 D - a wand of fireball (0)
Comestibles
 i - 2 chokos
 m - 4 bread rations
 p - a slice of pizza
 t - 2 pears
Scrolls
 g - 2 scrolls of remove curse
 q - 5 scrolls of curse jewellery
 v - 2 scrolls of magic mapping
 A - a scroll of fear {unknown}
 B - a scroll of immolation {unknown}
Jewellery
 l - an uncursed ring of ice
 F - a ring of wizardry (left hand)
Potions
 e - a potion of flight {unknown}
 j - a potion of berserk rage {unknown}
 k - 2 potions of curing
 o - a potion of brilliance {unknown}
 r - a potion of resistance {unknown}
 u - a potion of heal wounds {unknown}
 C - a potion of agility
Books
 c - a book of Maledictions

   Spells                             Type                      Level
   *Corona                            Hexes                        1
   *Sure Blade                        Hexes/Charms                 2
   *Ensorcelled Hibernation           Hexes/Ice                    2
   *Confuse                           Hexes                        3
   *Enslavement                       Hexes                        4
   Invisibility                       Hexes                        6
 G - a book of Party Tricks

   Spells                             Type                      Level
   Summon Butterflies                 Summoning                    1
   *Apportation                       Translocation                1
   Blink                              Translocation                2
   Alistair's Intoxication            Transmutation/Poison         4
   Tukima's Dance                     Hexes                        5


   Skills:
 - Level 5.8 Short Blades
 - Level 1.1 Throwing
 - Level 3.0 Dodging
 - Level 6.3 Stealth
 - Level 3.4 Spellcasting
 + Level 10.5 Hexes


You couldn't memorise any spells.
You knew the following spells:

 Your Spells              Type           Power        Failure   Level  Hunger
a - Corona                Hex            #####..      1%          1    None
b - Ensorcelled Hibernat  Hex/Ice        ###...       1%          2    ##.....
c - Confuse               Hex            #####...     1%          3    ###....
d - Sure Blade            Hex/Chrm       ###.......   1%          2    ##.....
e - Enslavement           Hex            #####...     1%          4    ####...
f - Apportation           Tloc           #.........   8%          1    None


Dungeon Overview and Level Annotations

Branches:
Dungeon (6/27)             Temple (0/1) D:6
    Orc: D:6-11

Altars:
Ashenzari
Elyvilon
Kikubaaqudgha
Nemelex Xobeh
the Shining One

Shops:
D:5 [

Annotations:
D:6 BoredOne's ghost, experienced KoAs


Innate Abilities, Weirdness & Mutations

You are tiny and cannot use many weapons and most armour.
You have supernaturally acute eyesight.
You are a herbivore.
You cover ground extremely quickly.
You need consume almost no food.


Message History

Confirm with . or Enter, or press ? or * to list all spells.
Aiming: Confuse
Press: ? - help, Shift-Dir - straight line, f/p - BoredOne's ghost
Aim: BoredOne's ghost (severely damaged) BoredOne's ghost appears confused.
BoredOne's ghost barely misses itself.
You are too injured to fight recklessly!
You are too injured to fight recklessly!
You are too injured to fight recklessly!
You hit BoredOne's ghost but do no damage.
BoredOne's ghost is severely damaged.
BoredOne's ghost closely misses you.
You hit BoredOne's ghost.
BoredOne's ghost is severely damaged.
You barely miss BoredOne's ghost.
BoredOne's ghost is severely damaged.
Unknown command.
You hit BoredOne's ghost but do no damage.
BoredOne's ghost is severely damaged.
BoredOne's ghost seems less confused.
BoredOne's ghost hits you!
You die...

........##............$........
.....................J..........
........).......................
.........................#......
..............######.######.#####
....#....##.##......#...#...#...
#....##.##......#.⌠...⌠...⌠.
#.........p.....#...#...#...
#..........@.##.######.#####
####..........#.#...#...#...
#.......)....#.⌠...⌠...⌠.
#..........#.#...#...#...
####'#.....# ##.###.#####
............# #.. #...#...
.......##### #. #.⌠...>.
........# # #...#... .../...#
########


You could see BoredOne's ghost.

Vanquished Creatures
  Eustachio (D:5)
  2 ice beasts
  A sky beast (D:6)
  A phantom (D:6)
  2 ogres (D:4)
  Duvessa (D:4)
  A centaur (D:5)
  2 jellies
  Dowan (D:4)
  4 crimson imps (D:6)
  2 hounds
  2 orc priests
  A giant frog zombie (D:5)
  A worker ant (D:4)
  3 orc wizards
  2 scorpions
  5 adders
  A giant mite (D:2)
  2 worms (D:2)
  An adder skeleton (D:6)
  4 oozes
  18 orcs
  2 ball pythons
  3 giant cockroaches
  9 hobgoblins
  15 jackals
  5 quokkas
  9 bats
  5 giant geckos
  4 giant newts
  12 goblins
  A jackal skeleton (D:4)
  12 kobolds
  10 rats
145 creatures vanquished.

Notes
Turn   | Place    | Note
--------------------------------------------------------------
     0 | D:1      | Dkcaj, the Spriggan Enchanter, began the quest for the Orb.
     0 | D:1      | Reached XP level 1. HP: 9/9 MP: 4/4
   345 | D:1      | Reached XP level 2. HP: 13/13 MP: 4/6
   367 | D:1      | Learned a level 2 spell: Ensorcelled Hibernation
   419 | D:1      | Reached skill level 4 in Stealth
   981 | D:1      | Reached XP level 3. HP: 8/16 MP: 1/9
  1781 | D:2      | Reached skill level 5 in Stealth
  2170 | D:2      | Reached XP level 4. HP: 21/21 MP: 11/11
  2548 | D:2      | Found a shattered altar of Ashenzari.
  2688 | D:2      | Became a worshipper of Ashenzari the Shackled
  3107 | D:3      | Reached skill level 6 in Stealth
  3107 | D:3      | Reached XP level 5. HP: 24/24 MP: 2/13
  3557 | D:3      | Learned a level 3 spell: Confuse
  3891 | D:4      | Found a white marble altar of Elyvilon.
  3955 | D:4      | Reached skill level 5 in Hexes
  4079 | D:4      | Learned a level 2 spell: Sure Blade
  4137 | D:4      | Noticed Duvessa
  4137 | D:4      | Noticed Dowan
  4138 | D:4      | Found a white marble altar of Elyvilon.
  4182 | D:4      | Killed Duvessa
  4182 | D:4      | Reached XP level 6. HP: 21/28 MP: 6/18
  4418 | D:4      | Killed Dowan
  4571 | D:4      | Found an ancient bone altar of Kikubaaqudgha.
  5130 | D:4      | Reached XP level 7. HP: 21/32 MP: 7/20
  5256 | D:4      | Noticed an ogre
  5265 | D:4      | Killed an ogre
  5329 | D:4      | Noticed an ogre
  5417 | D:4      | Killed an ogre
  5417 | D:4      | Reached skill level 7 in Hexes
  5568 | D:4      | Reached skill level 5 in Short Blades
  5737 | D:4      | Found a glowing golden altar of the Shining One.
  5737 | D:4      | Found a sparkling altar of Nemelex Xobeh.
  5828 | D:5      | Entered Level 5 of the Dungeon
  5924 | D:5      | Found Seyplop's Antique Armour Boutique.
  6301 | D:6      | Noticed BoredOne's ghost (experienced KoAs)
  6533 | D:5      | Learned a level 4 spell: Enslavement
  6752 | D:5      | Reached skill level 8 in Hexes
  6752 | D:5      | Reached XP level 8. HP: 31/36 MP: 12/21
  6799 | D:5      | Noticed Eustachio
  6805 | D:5      | Killed Eustachio
  6805 | D:5      | Reached skill level 9 in Hexes
  7370 | D:6      | Learned a level 1 spell: Apportation
  7400 | D:6      | Reached skill level 10 in Hexes
  7407 | D:6      | Found a staircase to the Ecumenical Temple.
  7500 | D:6      | Slain by BoredOne's ghost

Action                   |  1- 3 |  4- 6 |  7- 9 || total
-------------------------+-------+-------+-------++-------
Melee: Dagger            |   135 |   209 |   172 ||   516
Throw: Dart              |    11 |     5 |     9 ||    25
 Cast: Corona            |    14 |     2 |     1 ||    17
       Ensorcelled Hiber |    19 |    70 |    44 ||   133
       Confuse           |       |     6 |    19 ||    25
       Sure Blade        |       |       |     2 ||     2
Evoke: Wand              |       |     1 |     5 ||     6
  Use: Scroll            |     2 |     6 |     3 ||    11
       Potion            |     1 |     2 |     3 ||     6
 Stab: Sleeping          |    15 |    47 |    17 ||    79
       Confused          |       |     1 |     7 ||     8
